 Dungeon Crawl Stone Soup version 0.23.0-3-gf3c87f2df8 (webtiles) character file.

Game seed: 12377281088299785454

7243 Kisielow the Arsonist (level 10, -9/59 HPs)
             Began as a Deep Elf Fire Elementalist on Feb 22, 2019.
             Was a Priest of Vehumet.
             Mangled by Zusoliwk's ghost (11 damage)
             ... on level 1 of the Lair of Beasts.
             The game lasted 00:41:52 (11970 turns).

Kisielow the Arsonist (Deep Elf Fire Elementalist) Turns: 11970, Time: 00:41:53

Health: -9/59      AC:  5    Str:  5    XL:     10   Next: 88%
Magic:  1/28       EV: 22    Int: 24    God:    Vehumet [***...]
Gold:   458        SH:  0    Dex: 20    Spells: 1/19 levels left

rFire    + . .     SeeInvis .   o - +5 quarterstaff (chaos)
rCold    x . .     Gourm    .   (shield currently unavailable)
rNeg     + . .     Faith    .   t - +0 robe {rN+}
rPois    .         Spirit   .   (no helmet)
rElec    .         Reflect  .   p - +1 cloak
rCorr    .         Harm     .   (no gloves)
MR       +....                  s - +0 pair of boots
Stlth    +++.......             (no amulet)
HPRegen  0.19/turn              h - ring of fire
MPRegen  0.21/turn              j - ring of magical power

@: agile, about to teleport
A: no striking features
a: Renounce Religion


You were on level 1 of the Lair of Beasts.
You worshipped Vehumet.
Vehumet was most pleased with you.
You were near starving.

You visited 3 branches of the dungeon, and saw 10 of its levels.

You collected 458 gold pieces.

Inventory:

Hand Weapons
 o - a +5 quarterstaff of chaos (weapon)
Armour
 p - a +1 cloak (worn)
 s - a +0 pair of boots (worn)
 t - a +0 robe of positive energy (worn)
Magical Staves
 r - an uncursed staff of poison
Jewellery
 h - a ring of fire (left hand)
 j - a ring of magical power (right hand)
 m - a +3 ring of dexterity
 u - an uncursed ring of protection from cold
Wands
 g - a wand of paralysis (6)
 x - a wand of iceblast (8)
Scrolls
 b - a scroll of remove curse
 e - 2 scrolls of teleportation
 i - 3 scrolls of enchant weapon
 k - 2 scrolls of fog
 n - 2 scrolls of magic mapping
 q - a scroll of enchant armour
 y - 6 scrolls of fear
 C - 2 scrolls of blinking
Potions
 d - 2 potions of curing
 v - a potion of lignification
 w - a potion of berserk rage {unknown}
 A - a potion of cancellation
 B - a potion of brilliance
Comestibles
 c - 11 rations


   Skills:
 - Level 5.0 Fighting
 - Level 7.0 Dodging
 - Level 2.4 Stealth
 - Level 5.0 Spellcasting
 * Level 11.0 Conjurations
 * Level 11.4 Fire Magic


You had one spell level left.
You knew the following spells:

 Your Spells              Type           Power        Failure   Level  Hunger
a - Ignite Poison         Fire/Tmut/Pois #####...     1%          3    ##.....
e - Inner Flame           Hex/Fire       ######..     1%          3    ##.....
q - Flame Tongue          Conj/Fire      #####        1%          1    None
r - Fireball              Conj/Fire      ######....   1%          5    #####..
t - Sticky Flame          Conj/Fire      ######..     1%          4    ####...
w - Throw Flame           Conj/Fire      ######       1%          2    None

Your spell library contained the following spells:

 Spells                   Type           Power        Failure   Level  Hunger
 Sandblast                Erth           #.....       2%          1    None
 Animate Skeleton         Necr           N/A          9%          1    None
 Beastly Appendage        Tmut           #.....       9%          1    None
 Pain                     Necr           #...         9%          1    None
 Conjure Flame            Conj/Fire      ######..     1%          3    ##.....
 Stone Arrow              Conj/Erth      ####..       1%          3    ##.....
 Passwall                 Tmut/Erth      #.......     13%         2    None
 Sticks to Snakes         Tmut           #.......     13%         2    None
 Regeneration             Chrm/Necr      #.........   26%         3    ##.....
 Spider Form              Tmut/Pois      #.........   26%         3    ##.....
 Vampiric Draining        Necr           #.........   26%         3    ##.....
 Lee's Rapid Deconstruct  Erth           #.........   50%         5    #####..
 Animate Dead             Necr           N/A          65%         4    ####...
 Ice Form                 Ice/Tmut       #.......     65%         4    ####...
 Petrify                  Tmut/Erth      #.......     65%         4    ####...
 Blade Hands              Tmut           #.........   94%         5    #####..


Dungeon Overview and Level Annotations

Branches:
Dungeon (8/15)             Temple (1/1) D:4            Lair (1/6) D:8

Altars:
Ashenzari
Cheibriados
Dithmenos
Elyvilon
Fedhas
Gozag
Hepliaklqana
Kikubaaqudgha
Makhleb
Nemelex Xobeh
Okawaru
Qazlal
Ru
Sif Muna
Trog
Uskayaw
Vehumet
Wu Jian
Xom
Yredelemnul
Zin
The Shining One

Annotations:
Lair:1 Zusoliwk's ghost, journeyman CeHu


Message History

Casting: Flame Tongue (safe; 1% risk of failure)
Confirm with . or Enter, or press ? or * to list all spells.
Aiming: Flame Tongue (safe; 1% risk of failure)
Press: ? - help, Shift-Dir - straight line, f/p - Zusoliwk's ghost
Aim: Zusoliwk's ghost, wielding a weapon of freezing (heavily damaged)
You feel a surge of power!
The flame tongue hits Zusoliwk's ghost!
Zusoliwk's ghost is heavily damaged.
Zusoliwk's ghost closely misses you.
Casting: Flame Tongue (safe; 1% risk of failure)
Confirm with . or Enter, or press ? or * to list all spells.
Aiming: Flame Tongue (safe; 1% risk of failure)
Press: ? - help, Shift-Dir - straight line, f/p - Zusoliwk's ghost
Aim: Zusoliwk's ghost, wielding a weapon of freezing (heavily damaged)
You feel a surge of power!
The flame tongue hits Zusoliwk's ghost but does no damage.
Zusoliwk's ghost is heavily damaged.
Zusoliwk's ghost misses you.
As you read the scroll of teleportation, it crumbles to dust.
You feel strangely unstable. Zusoliwk's ghost hits you!
You die...

#..............## #..........
#...............######..........
#.##...........###.#......).....
#...#..........###..............
##..............................
##P..............................
.................................
.................................
................@W...............
.................................
.................................
................................#
...............................##
...###........................##
..............................#
##.P###....##............######
##.## ##..####..........##≈.W#


You could see Zusoliwk's ghost.

Vanquished Creatures
  2 hydras (Lair:1)
  2 spiny frogs (Lair:1)
  Grinder (D:4)
  Prince Ribbit (D:5)
  A hippogriff (Lair:1)
  Sigmund (D:6)
  A basilisk (Lair:1)
  A hungry ghost (D:8)
  A wyvern (D:8)
  Edmund (D:5)
  5 water moccasins
  A black bear (D:6)
  A porcupine (Lair:1)
  2 orc warriors (D:7)
  3 ice beasts
  2 sky beasts
  2 ogres (D:6)
  3 centaurs
  2 crocodiles (Lair:1)
  2 big kobolds (D:8)
  4 bullfrogs
  3 scorpions
  The ghost of terminal the Stinger, a weakling DsVM (D:4)
  A vampire bat (Lair:1)
  A bullfrog zombie (D:7)
  A centaur zombie (D:5)
  3 jellies
  5 hounds
  4 orc priests
  Crazy Yiuf (D:2)
  A gnoll shaman (D:8)
  Terence (D:2)
  2 centaur skeletons
  5 iguanas
  5 orc wizards
  9 worker ants
  A bullfrog simulacrum (D:4)
  A hound zombie (D:8)
  A hound skeleton (D:8)
  12 gnolls
  2 howler monkey skeletons
  9 adders
  A shadow imp (D:5)
  2 oozes
  An adder skeleton (D:6)
  3 worms
  3 dart slugs
  11 leopard geckos
  23 orcs
  A ball python (D:2)
  10 giant cockroaches
  11 goblins
  7 hobgoblins
  13 jackals
  3 quokkas
  19 bats
  6 frilled lizards
  A giant cockroach zombie (D:4)
  8 kobolds
  A leopard gecko simulacrum (D:4)
  2 quokka simulacra (D:4)
  A quokka skeleton (D:5)
  14 rats
249 creatures vanquished.

Vanquished Creatures (others)
  2 plants (Lair:1)
2 creatures vanquished.

Grand Total: 251 creatures vanquished

Notes
Turn   | Place    | Note
-------+----------+-------------------------------------------
     0 | D:1      | Kisielow the Deep Elf Fire Elementalist began the quest for
                  | the Orb.
     0 | D:1      | Reached XP level 1. HP: 10/10 MP: 6/6
    29 | D:1      | Reached XP level 2. HP: 8/15 MP: 0/8
   169 | D:1      | Learned a level 2 spell: Throw Flame
   929 | D:1      | Reached XP level 3. HP: 19/19 MP: 7/10
  1065 | D:2      | Learned a level 3 spell: Inner Flame
  1274 | D:2      | Found a glowing golden altar of the Shining One.
  1768 | D:2      | Found a faded altar of an unknown god.
  1927 | D:2      | Noticed Terence
  2024 | D:2      | Reached XP level 4. HP: 24/24 MP: 9/12
  2074 | D:2      | Killed Terence
  2074 | D:2      | Reached skill level 5 in Spellcasting
  2416 | D:2      | Reached XP level 5. HP: 28/28 MP: 4/14
  2512 | D:2      | Found a runed translucent door.
  2513 | D:2      | Noticed Crazy Yiuf
  2519 | D:2      | Killed Crazy Yiuf
  2841 | D:3      | Reached skill level 1 in Fighting
  3038 | D:3      | Noticed a +0 hand axe
  3038 | D:3      | Noticed a +0 hand axe
  3040 | D:3      | Found a hide-covered altar of Uskayaw.
  3202 | D:3      | Found a glowing drain.
  3205 | D:3      | Reached XP level 6. HP: 34/34 MP: 5/15
  3343 | D:3      | Reached skill level 5 in Fire Magic
  3425 | D:3      | Learned a level 5 spell: Fireball
  3430 | D:3      | Learned a level 4 spell: Sticky Flame
  3779 | D:4      | Found a runed translucent gate.
  3779 | D:4      | Found a runed translucent gate.
  3779 | D:4      | Found a runed translucent gate.
  3789 | D:4      | Found a staircase to the Ecumenical Temple.
  3799 | Temple   | Entered the Ecumenical Temple
  3885 | Temple   | Became a worshipper of Vehumet
  4029 | D:4      | Noticed an ice beast
  4029 | D:4      | Noticed an ice beast
  4040 | D:4      | Noticed terminal's ghost (weakling DsVM)
  5165 | D:5      | Entered Level 5 of the Dungeon
  5188 | D:5      | Noticed Prince Ribbit
  5196 | D:5      | Killed Prince Ribbit
  5196 | D:5      | Reached XP level 7. HP: 20/39 MP: 6/16
  5630 | D:5      | Noticed Grinder
  5653 | D:5      | Noticed Edmund
  5664 | D:5      | Paralysed by Grinder for 2 turns
  5676 | D:4      | Paralysed by Grinder for 4 turns
  5681 | D:4      | Killed Grinder
  5681 | D:4      | Reached skill level 5 in Conjurations
  5922 | D:5      | Killed Edmund
  6074 | D:5      | Reached XP level 8. HP: 30/45 MP: 3/17
  6423 | D:5      | Reached * piety under Vehumet
  6423 | D:5      | Offered knowledge of Shock by Vehumet.
  6428 | D:5      | Reached skill level 5 in Dodging
  7613 | D:4      | Killed terminal's ghost
  7814 | D:6      | Reached ** piety under Vehumet
  7814 | D:6      | Offered knowledge of Sting by Vehumet.
  8004 | D:6      | Reached XP level 9. HP: 51/51 MP: 18/18
  8413 | D:6      | Noticed Sigmund
  8416 | D:6      | Killed Sigmund
  8504 | D:6      | Found a sacrificial altar of Ru.
  8829 | D:7      | Offered knowledge of Static Discharge by Vehumet.
  9100 | D:7      | Reached *** piety under Vehumet
  9169 | D:7      | Found a burning altar of Makhleb.
  9171 | D:7      | Found a glowing silver altar of Zin.
  9254 | D:7      | Found an ornate altar of the Wu Jian Council.
  9254 | D:7      | Found a shimmering altar of Xom.
  9691 | D:8      | Offered knowledge of Ignite Poison by Vehumet.
  9706 | D:8      | Reached XP level 10. HP: 20/58 MP: 3/19
  9711 | D:8      | Learned a level 3 spell: Ignite Poison
  9965 | D:8      | Found a staircase to the Lair.
 10461 | Lair:1   | Entered Level 1 of the Lair of Beasts
 10660 | Lair:1   | Reached skill level 10 in Fire Magic
 10975 | Lair:1   | Noticed a spiny frog
 10982 | Lair:1   | Killed a spiny frog
 10982 | Lair:1   | Reached skill level 5 in Fighting
 11005 | Lair:1   | Reached skill level 10 in Conjurations
 11193 | Lair:1   | Noticed a spiny frog
 11202 | Lair:1   | Killed a spiny frog
 11202 | Lair:1   | Reached **** piety under Vehumet
 11267 | Lair:1   | Found a runed translucent gate.
 11267 | Lair:1   | Found a runed translucent gate.
 11267 | Lair:1   | Found a runed translucent gate.
 11268 | Lair:1   | Noticed a nine-headed hydra
 11268 | Lair:1   | Noticed Zusoliwk's ghost (journeyman CeHu)
 11269 | Lair:1   | Noticed a ten-headed hydra
 11891 | Lair:1   | Killed a ten-headed hydra
 11895 | Lair:1   | Killed a nine-headed hydra
 11967 | Lair:1   | HP: 2/59 [Zusoliwk's ghost (4)]
 11970 | Lair:1   | Mangled by Zusoliwk's ghost

Skill      XL: |  1  2  3  4  5  6  7  8  9 10 |
---------------+-------------------------------+-----
Spellcasting   | 4 5 |  5.0
Conjurations   | 2 3 4 5 7 9 11 | 11.0
Fire Magic     | 4 5 6 8 9 11 | 11.4
Fighting       | 1 2 3 4 5 |  5.0
Dodging        | 3 4 5 7 |  7.0
Stealth        | |  2.4

Action                   |  1- 3 |  4- 6 |  7- 9 | 10-12 || total
-------------------------+-------+-------+-------+-------++-------
Melee: Quarterstaff      |       |    13 |     6 |     6 ||    25
 Cast: Flame Tongue      |    40 |    60 |   145 |    61 ||   306
       Throw Flame       |    37 |    75 |   108 |    31 ||   251
       Sticky Flame      |       |     1 |     6 |     9 ||    16
       Inner Flame       |       |     1 |     2 |       ||     3
       Fireball          |       |       |    12 |    15 ||    27
Evoke: Wand              |       |       |       |     1 ||     1
  Use: Scroll            |     1 |     6 |    11 |     2 ||    20
       Potion            |       |       |     9 |     7 ||    16
  Eat: Chunk             |     4 |     7 |    13 |     8 ||    32
       Ration            |       |     1 |     1 |     1 ||     3
Armor: Robe              |     8 |     6 |    14 |     6 ||    34
Dodge: Dodged            |    39 |    19 |    54 |    30 ||   142
